 Dungeon Crawl Stone Soup version 0.20-a0-640-g62ed22f (webtiles) character file.

16 GameOver the Sneak (level 2, -2/22 HPs)
             Began as a Naga Wizard on Feb 12, 2017.
             Killed from afar by a dart slug (5 damage)
             ... with a slug dart
             ... on level 1 of the Dungeon.
             The game lasted 00:03:25 (369 turns).

GameOver the Sneak (Naga Wizard)                     Turns: 369, Time: 00:03:27

Health: -2/22      AC:  2    Str:  9    XL:     2   Next: 58%
Magic:  1/6        EV: 10    Int: 18    God:
Gold:   22         SH:  0    Dex:  9    Spells: 6/7 levels left

rFire    . . .     SeeInvis +   g - -1 dagger (curse)
rCold    . . .     Gourm    .   a - +0 robe
rNeg     . . .     Faith    .   (no shield)
rPois    +         Spirit   .   b - +0 hat
rElec    .         Reflect  .   (no cloak)
rCorr    .         Harm     .   h - +0 pair of gloves
MR       .....                  (no barding)
Stlth    ++........             (no amulet)
Regen    0.1/turn               (no ring)
MPRegen  0.1/turn               (no ring)

@: short of breath, very slow
A: see invisible, deformed body, poison resistance, slowness 2, slow metabolism
1, spit poison 1, AC +0
a: Spit Poison


You were on level 1 of the Dungeon.
You were not hungry.

You visited 1 branch of the dungeon, and saw 1 of its levels.

You collected 22 gold pieces.

Inventory:

Hand Weapons
 g - a cursed -1 dagger (weapon)
Armour
 a - a +0 robe (worn)
 b - a +0 hat (worn)
 h - a +0 pair of gloves (worn)
 j - a +0 leather armour
Scrolls
 e - 2 scrolls of amnesia {unknown}
 i - a scroll of immolation {unknown}
 k - 3 scrolls of fog {unknown}
Books
 c - a book of Minor Magic

   Spells                             Type                      Level
   a - Magic Dart                     Conjuration                  1
   b - Blink                          Translocation                2
   c - Call Imp                       Summoning                    2
   d - Slow                           Hexes                        2
   e - Conjure Flame                  Conjuration/Fire             3
   f - Mephitic Cloud                 Conjuration/Poison/Air       3
Comestibles
 d - 3 bread rations
 f - a meat ration


   Skills:
 - Level 1.5 Dodging
 + Level 4.1 Stealth
 - Level 3.0 Spellcasting
 + Level 1.7 Conjurations
   Level 1.0 Summonings
   Level 1.0 Translocations


You had 6 spell levels left.
You knew the following spells:

 Your Spells              Type           Power        Failure   Level  Hunger
a - Magic Dart            Conj           #...         12%         1    None


Dungeon Overview and Level Annotations

Branches:
Dungeon (1/15)

Altars:


Innate Abilities, Weirdness & Mutations

You cannot wear boots.
Your serpentine skin is tough. (AC +0)
You have supernaturally acute eyesight. (SInv)
Armour fits poorly on your strangely shaped body.
Your system is resistant to poisons. (rPois)
You cover ground very slowly.
You have a slow metabolism.
You can spit poison.


Message History

Press: ? - help, Shift-Dir - straight line, f - dart slug
Aim: a dart slug (heavily wounded, clinging)
The magic dart hits the dart slug.
The dart slug is severely wounded.
Casting: Magic Dart
Confirm with . or Enter, or press ? or * to list all spells.
Aiming: Magic Dart
Press: ? - help, Shift-Dir - straight line, f/p - dart slug
Aim: a dart slug (severely wounded, clinging)
The magic dart hits the dart slug.
The dart slug is almost dead.
Press: ? - help, Shift-Dir - straight line, f/p - dart slug
Aim: a dart slug (severely wounded, clinging)
The splash of poison hits the dart slug.
The dart slug is poisoned.
The dart slug is almost dead.
You feel slightly more hungry. The dart slug launches a dart at you.
The slug dart hits you!
You die...

##################
#.....@....w.....#
#.##############.#
#.# #.# #.# #.#
###.# #.#
#####...# #†#
#...'...# #.#
#####.###...# #†w
......# ##### #...


You could see a dart slug.

Vanquished Creatures
  A dart slug (D:1)
  A leopard gecko (D:1)
  2 giant cockroaches (D:1)
  A goblin (D:1)
  3 jackals (D:1)
  2 bats (D:1)
  A frilled lizard (D:1)
  2 rats (D:1)
13 creatures vanquished.

Notes
Turn   | Place    | Note
-------+----------+-------------------------------------------
     0 | D:1      | GameOver the Naga Wizard began the quest for the Orb.
     0 | D:1      | Reached XP level 1. HP: 15/15 MP: 4/4
   188 | D:1      | Reached XP level 2. HP: 22/22 MP: 6/6
   322 | D:1      | Reached skill level 4 in Stealth
   369 | D:1      | Killed from afar by a dart slug

Vault maps used:
D:1:      dpeg_arrival_leaves_temple_mockup, minmay_misc_feat_room

Skill      XL: |  1  2 |
---------------+-------+-----
Stealth        | 4 |  4.1
Dodging        | |  1.5
Spellcasting   | |  3.0
Conjurations   | |  1.7
Summonings     | |  1.0
Translocations | |  1.0

Action                   || total
-------------------------++-------
Melee: Dagger            ||     4
 Cast: Magic Dart        ||    22
 Abil: Spit Poison       ||    10
 Stab: Sleeping          ||     3
Armor: Robe              ||     5
Dodge: Dodged            ||     8
